 Dungeon Crawl Stone Soup version 0.30-a0-1018-g25214051b3 (webtiles) character file.

Game seed: 15773286706557340047

21 Anon1729 the Changer (level 2, 0/14 HPs)
             Began as a Spriggan Transmuter on Apr 7, 2023.
             Slain by a jackal (3 damage)
             ... on level 1 of the Dungeon.
             The game lasted 00:00:51 (477 turns).

Anon1729 the Changer (Spriggan Transmuter)           Turns: 477, Time: 00:00:51

Health: 0/14       AC:  2    Str:  6    XL:     2   Next: 62%
Magic:  6/7        EV: 17    Int: 14    God:
Gold:   20         SH:  0    Dex: 15    Spells: 6/7 levels left

rFire   . . .      SeeInvis +      - Unarmed
rCold   . . .      Faith    .    (no shield)
rNeg    . . .      Spirit   .    a - +0 robe
rPois   .          Reflect  .    (helmet currently unavailable)
rElec   .          Rampage  .    (no cloak)
rCorr   .                        (gloves unavailable)
Will    .....                    (boots unavailable)
Stlth   +                        (no amulet)
HPRegen 0.22/turn                (no ring)
MPRegen 0.10/turn                (no ring)

@: appendages, very quick
A: horns 2, talons 2, very small, no large weapons, unfitting armour, see
invisible, speed 3
a: End Transformation


You were on level 1 of the Dungeon.
You had temporarily grown beastly horns and talons.
You visited 1 branch of the dungeon, and saw 1 of its levels.

You collected 20 gold pieces.

Inventory:

Armour
 a - a +0 robe (worn)
Magical Staves
 c - a staff of poison
Scrolls
 d - a scroll of identify {unknown}
 e - 2 scrolls of enchant weapon {unknown}
 g - a scroll of noise {unknown}
Potions
 b - a potion of lignification
 f - a potion of heal wounds {unknown}


   Skills:
 + Level 1.1 Fighting
 + Level 3.1 Dodging
 + Level 2.6 Unarmed Combat
 + Level 3.0 Spellcasting
 + Level 3.1 Transmutations


You had 6 spell levels left.
You knew the following spells:

 Your Spells              Type           Power      Damage    Failure   Level
a - Beastly Appendage     Tmut           20%        N/A       6%          1

Your spell library contained the following spells:

 Spells                   Type           Power      Damage    Failure   Level
 Wereblood                Tmut           10%        N/A       9%          2
 Spider Form              Tmut/Pois      6%         N/A       34%         3
 Ice Form                 Ice/Tmut       6%         N/A       75%         4


Dungeon Overview and Level Annotations

Branches:
Dungeon (1/15)

Altars:

Shops:
D:1 (!


Innate Abilities, Weirdness & Mutations

You have temporarily grown beastly horns and talons.
You are very small and have problems with some larger weapons.
You are too small for most types of armour.
You have supernaturally acute eyesight. (SInv)
You cover ground extremely quickly. (Speed+++)


Message History

You closely miss the jackal. The jackal bites you.
You closely miss the jackal. The jackal barely misses you.
The jackal bites you.
Your magical contamination has completely faded away.
You hit the jackal but do no damage. The jackal misses you.
You closely miss the jackal.
The jackal bites you but does no damage.
The jackal bites you.
You hit the jackal but do no damage. The jackal bites you.
You hit the jackal.
The jackal is lightly wounded.
The jackal closely misses you.
You hit the jackal.
The jackal is moderately wounded.
The jackal bites you. The jackal misses you.
You are too injured to fight recklessly!
You are too injured to fight recklessly!
You are too injured to fight recklessly!
There are monsters nearby!
There are monsters nearby!
You hit the jackal but do no damage.
The jackal is moderately wounded.
The jackal bites you.
Casting: Beastly Appendage (safe; 6% risk of failure)
Confirm with . or Enter, or press ? or * to list all spells.
You grow a pair of large bovine horns.
Your feet morph into talons.
The jackal bites you but does no damage.
You closely miss the jackal.
The jackal is moderately wounded.
The jackal misses you. The jackal bites you.
* * * LOW HITPOINT WARNING * * *
You hit the jackal.
You kill the jackal!
You completely miss the jackal. You claw the jackal.
Your headbutt misses the jackal. Your punch misses the jackal.
The jackal is moderately wounded.
The jackal bites you.
* * * LOW HITPOINT WARNING * * *
The jackal bites you.
You die...

#.# #.# #.# #.#.#
#####.#.#.#
#>..#.#.#.#
###.#.#.#.#.#
.....#@#.#.#
####...#h#.#.#
#.....h#.#.#.#
#.###..#.#'#.#
#...$........#
#####..##....########
#..##............
#..##....########
#..##....# #########


You could see a jackal.

Vanquished Creatures
  2 endoplasms (D:1)
  2 goblins (D:1)
  5 jackals (D:1)
  A quokka (D:1)
  4 ball pythons (D:1)
  2 kobolds (D:1)
  4 rats (D:1)
20 creatures vanquished.

Notes
Turn   | Place    | Note
-------+----------+-------------------------------------------
     0 | D:1      | Anon1729 the Spriggan Transmuter began the quest for the
                  | Orb.
     0 | D:1      | Reached XP level 1. HP: 9/9 MP: 5/5
    43 | D:1      | Found Diusk's Distillery.
    59 | D:1      | Found Resinyp's Weapon Shoppe.
    69 | D:1      | Reached skill level 1 in Fighting
   136 | D:1      | Reached XP level 2. HP: 8/14 MP: 4/6
   477 | D:1      | Slain by a jackal

Illustrated notes

Levels and vault maps discovered:
D:1:      minmay_arrival_cross, layout_basic, serial_shops, shop,
          nicolae_lakefront_shop, shop

Skill      XL: |  1  2 |
---------------+-------+-----
Fighting       | 1 |  1.1
Dodging        | 3 |  3.1
Transmutations | 3 |  3.1
Spellcasting   | 3 |  3.0
Unarmed Combat | |  2.6

Action                     || total
---------------------------++-------
  Melee: Unarmed           ||    85
         Kick              ||     6
         Headbutt          ||     6
         Punch             ||     1
   Cast: Beastly Appendage ||     8
 Armour: Robe              ||    10
  Dodge: Dodged            ||   114

Table legend: (Time is in decaauts)
 A = Elapsed time spent in this place.
 B = Non-inter-level travel time spent in this place.
 C = Inter-level travel time spent in this place.
 D = Time resting spent in this place.
 E = Time spent auto-exploring this place.
 F = Levels seen in this place.
 G = Mean time per level.
                   A        B        C        D        E       F      G
               +--------+--------+--------+--------+--------+-----+--------+
         Total |    387 |    387 |      0 |      0 |    259 |   1 |  387.0 |
       Dungeon |    387 |    387 |      0 |      0 |    259 |   1 |  387.0 |
               +--------+--------+--------+--------+--------+-----+--------+

Top non-repeatable levels by time:
     D:1: 387 daAuts
